 Dungeon Crawl Stone Soup version 0.30-a0-691-g754fce4c43 (webtiles) character file.

Game seed: 11505014140461654456

49 Newt the Sneak (level 3, -1/28 HPs)
             Began as a Demonspawn Gladiator on Jan 19, 2023.
             Was an Initiate of Gozag.
             Succumbed to a goblin's poison
             ... on level 1 of the Dungeon.
             The game lasted 00:01:21 (931 turns).

Newt the Sneak (Demonspawn Gladiator)                Turns: 931, Time: 00:01:22

Health: -1/28      AC:  6    Str: 16    XL:     3   Next: 53%
Magic:  3/3        EV: 12    Int:  9    God:    Gozag
Gold:   136        SH:  0    Dex: 14    Spells: 2/2 levels left

rFire   . . .      SeeInvis .    a - +0 rapier
rCold   . . .      Faith    .    (no shield)
rNeg    . . .      Spirit   .    m - +2 animal skin
rPois   .          Reflect  .    c - +0 helmet
rElec   .          Harm     .    (no cloak)
rCorr   .          Rampage  .    (no gloves)
Will    .....                    i - +0 pair of boots
Stlth   ++                       (no amulet)
HPRegen 0.24/turn                (no ring)
MPRegen 0.08/turn                (no ring)

@: lethally poisoned (-1 -> -11), flying, hasted, very quick
A: weakness stinger 1
a: Renounce Religion, Potion Petition, Call Merchant, Bribe Branch


You were on level 1 of the Dungeon.
You worshipped Gozag.
Gozag was aware of your devotion.
You visited 1 branch of the dungeon, and saw 2 of its levels.

You collected 136 gold pieces.

Inventory:

Hand Weapons
 a - a +0 rapier (weapon)
Missiles
 d - 2 throwing nets
 h - 3 boomerangs (quivered)
Armour
 b - a +0 leather armour
 c - a +0 helmet (worn)
 i - a +0 pair of boots (worn)
 m - a +2 animal skin (worn)
Jewellery
 e - a +6 ring of dexterity
Scrolls
 f - a scroll of teleportation {unknown}
 g - 2 scrolls of poison {unknown}
 k - 2 scrolls of identify {unknown}


   Skills:
 + Level 2.3 Fighting
 - Level 2.6 Short Blades
 - Level 1.7 Throwing
 - Level 2.6 Dodging
 - Level 3.0 Stealth


You had 2 spell levels left.
You didn't know any spells.
Your spell library contained the following spells:

 Spells                   Type           Power      Damage    Failure   Level
 Static Discharge         Conj/Air       0%         2-2/arc   52%         2
 Vhi's Electric Charge    Tloc/Air       0%         N/A       77%         3
 Arcjolt                  Conj/Air       0%         1d10      100%        5
 Lightning Bolt           Conj/Air       0%         1d11      100%        5


Dungeon Overview and Level Annotations

Branches:
Dungeon (2/15)

Altars:
Gozag

Annotations:
D:2 Terence


Innate Abilities, Weirdness & Mutations

You have a small tail.


Message History

You see here a +0 club.
The goblin attacks as you move away! The goblin hits you but does no damage.
You are poisoned.
You feel sick.
There is a stone staircase leading up, spattered with blood here.
You feel sick. The goblin hits you but does no damage.
You are more poisoned.
You climb upwards.
You feel very sick.
There is a stone staircase leading down here.
Throw: 3 boomerangs
Press: ? - help, Q - select action, (/) - cycle Shift-Dir - straight line, f - goblin
Aim: a goblin, wielding a +0 dagger of venom (51% to hit)
You throw a boomerang. The boomerang hits the goblin.
The goblin is heavily wounded.
You feel very sick.
The goblin hits you with a +0 dagger of venom.
You are lethally poisoned!
Throw: 3 throwing nets
Press: ? - help, Shift-Dir - straight line, f/p - goblin
Aim: a goblin, wielding a +0 dagger of venom (heavily wounded, 51% to hit)
You throw a throwing net. The throwing net hits the goblin.
The goblin is caught in the net!
The goblin is heavily wounded.
* * * LOW HITPOINT WARNING * * *
You feel very sick.
The goblin struggles against the net.
It was a potion of haste.
You feel yourself speed up.
* * * LOW HITPOINT WARNING * * *
You feel very sick.
The goblin struggles against the net.
It was a potion of flight.
You feel very buoyant.
You fly up into the air.
* * * LOW HITPOINT WARNING * * *
You feel sick.
The goblin struggles against the net.
You hit the goblin but do no damage.
The goblin is moderately wounded.
You die...
Your body crumbles into a pile of gold.

..######################## #####
#........#...............####....
...........#######...............
#..####............#####.####.###
....#......#######.# #.####.###
#...#.#..#.# #.#####.#.......
#...#.#....# #......#..##.###
#..........# ###....##.####.#
#.#.############@<###########.#
..#.#..........g)..........##.#
###.#...##..##......##..##.##.###
....#......................##.)..
#...#...######......######.######
#.#.#......................#
#.#.#.####################.##
#.#.......#.# #.# #..###
#.##.####.#.# #######.# ##...##


You could see a goblin (caught).

Vanquished Creatures
  Robin (D:2)
  2 dart slugs (D:1)
  5 ball pythons (D:1)
  3 bats (D:1)
  2 endoplasms (D:1)
  11 goblins
  2 hobgoblins
  A quokka (D:1)
  2 frilled lizards (D:1)
  A kobold (D:1)
  A rat (D:1)
31 creatures vanquished.

Notes
Turn   | Place    | Note
-------+----------+-------------------------------------------
     0 | D:1      | Newt the Demonspawn Gladiator began the quest for the Orb.
     0 | D:1      | Reached XP level 1. HP: 16/16 MP: 1/1
    77 | D:1      | Reached skill level 1 in Stealth
   140 | D:1      | Gained mutation: You have a small tail. [demonic ancestry]
   140 | D:1      | Reached XP level 2. HP: 22/22 MP: 2/2
   336 | D:1      | Reached skill level 2 in Stealth
   502 | D:1      | Found a faded altar of an unknown god.
   525 | D:1      | Prayed at the altar of an unknown god.
   525 | D:1      | Became a worshipper of Gozag Ym Sagoz the Greedy
   682 | D:2      | Noticed Robin
   814 | D:2      | Reached XP level 3. HP: 27/27 MP: 3/3
   824 | D:2      | Reached skill level 3 in Stealth
   841 | D:2      | Killed Robin
   910 | D:2      | Noticed Terence
   930 | D:1      | HP: 1/28 [poisoned by a goblin]
   931 | D:1      | Succumbed to a goblin's poison

Illustrated notes

Levels and vault maps discovered:
D:1:      dpeg_arrival_line_fractal, layout_loops_ring,
          hellmonk_ecumenical_altar_run_dry, chequers_serial_rivers_micro_d
D:2:      minmay_wonky_spiral, layout_rooms, serial_shops, shop, uniq_robin,
          uniq_terence

Skill      XL: |  1  2  3 |
---------------+----------+-----
Stealth        | 1 2 3 |  3.0
Fighting       | |  2.3
Short Blades   | |  2.6
Throwing       | |  1.7
Dodging        | |  2.6

Action                   || total
-------------------------++-------
Melee: Rapier            ||    97
       Tailslap          ||    10
       Punch             ||     2
Throw: Javelin           ||     1
       Throwing net      ||     1
       Boomerang         ||     1
  Use: Potion            ||     2
 Stab: Sleeping          ||     2
Armor: Leather armour    ||    33
       Animal skin       ||     2
Dodge: Dodged            ||    74

Table legend: (Time is in decaauts)
 A = Elapsed time spent in this place.
 B = Non-inter-level travel time spent in this place.
 C = Inter-level travel time spent in this place.
 D = Time resting spent in this place.
 E = Time spent auto-exploring this place.
 F = Levels seen in this place.
 G = Mean time per level.
                   A        B        C        D        E       F      G
               +--------+--------+--------+--------+--------+-----+--------+
         Total |    940 |    890 |     50 |    100 |    558 |   2 |  470.0 |
       Dungeon |    940 |    890 |     50 |    100 |    558 |   2 |  470.0 |
               +--------+--------+--------+--------+--------+-----+--------+

Top non-repeatable levels by time:
     D:1: 817 daAuts
     D:2: 123 daAuts
